 Dungeon Crawl Stone Soup version 0.14-a0-2017-g4a4604d (webtiles) character file.

93 Kae the Vexing (level 3, -1/16 HPs)
             Began as a Spriggan Enchanter on Jan 18, 2014.
             Slain by Sigmund
             ... wielding a +0,+0 scythe
              (5 damage)
             ... on Level 2 of the Dungeon.
             The game lasted 00:01:36 (1202 turns).

Kae the Vexing (Spriggan Enchanter)                 Turns: 1202, Time: 00:01:37

HP  -1/16        AC  3     Str  5      XL: 3   Next: 14%
MP   2/9         EV 18     Int 16      God:
Gold 59          SH  0     Dex 16      Spells:  2 memorised,  4 levels left

rFire  . . .     SeeInvis +     a - +1 dagger
rCold  . . .     Clarity  .     b - +1 robe
rNeg   . . .     Conserve .     (shield restricted)
rPois  .         rCorr    .     (helmet restricted)
rElec  .         rRot     .     (no cloak)
SustAb . .       Spirit   .     (gloves unavailable)
rMut   .         Warding  .     (boots unavailable)
Saprov . . .     Stasis   .     (no amulet)
MR     .....                    (no ring)
                                (no ring)

@: very slightly contaminated, very quick, not resistant to hostile
enchantments, stealthy
A: unfitting armour, see invisible, herbivore 3, speed 3, slow metabolism 2
a: no special abilities


You were on level 2 of the Dungeon.
You were not hungry.

You visited 1 branch of the dungeon, and saw 2 of its levels.

You collected 59 gold pieces.

Inventory:

Hand weapons
 a - a +1,+1 dagger (weapon)
Missiles
 d - 12 darts (quivered)
Armour
 b - a +1 robe (worn)
Comestibles
 f - an apple
 i - a choko
 k - 3 bread rations
 o - a slice of pizza
Scrolls
 j - a scroll of teleportation {unknown}
 m - a scroll of curse armour {unknown}
 p - a scroll of enchant armour {unknown}
 r - a scroll of identify {unknown}
 u - a scroll of fog {unknown}
 v - a scroll of curse weapon {unknown}
Jewellery
 g - a cursed ring of hunger {unknown}
 h - an uncursed amulet of the gourmand {unknown}
 q - an uncursed ring of wizardry {unknown}
 s - an uncursed ring of poison resistance {unknown}
Potions
 e - a potion of porridge
 l - a potion of cure mutation {unknown}
 t - a potion of flight {unknown}
Books
 c - a book of Maledictions

   Spells                             Type                      Level
   *Corona                            Hexes                        1
   Sure Blade                         Hexes/Charms                 2
   *Ensorcelled Hibernation           Hexes/Ice                    2
   Confuse                            Hexes                        3
   Enslavement                        Hexes                        4
   Invisibility                       Hexes                        6


   Skills:
 * Level 2.4 Short Blades
 - Level 1.1 Throwing
 - Level 3.0 Dodging
 * Level 3.7 Stealth
 + Level 2.9 Spellcasting
 + Level 4.0 Hexes


You had 4 spell levels left.
You knew the following spells:

 Your Spells              Type           Power        Failure   Level  Hunger
a - Corona                Hex            ###....      4%          1    #......
b - Ensorcelled Hibernat  Hex/Ice        #.....       14%         2    ##.....


Dungeon Overview and Level Annotations

Branches:
Dungeon (2/16)

Altars:

Annotations:
D:2 Sigmund


Innate Abilities, Weirdness & Mutations

You are tiny and cannot use many weapons and most armour.
You have supernaturally acute eyesight.
You are a herbivore.
You cover ground extremely quickly.
You need consume almost no food.


Message History

Confirm with . or Enter, or press ? or * to list all spells.
Aiming: Corona
Press: ? - help, Shift-Dir - straight line, f/p - Sigmund
Aim: Sigmund, wielding a scythe and wearing a robe (almost dead) Sigmund struggles to resist.
Sigmund gestures at you while chanting. You resist.
You hit Sigmund but do no damage.
Sigmund is almost dead.
Sigmund casts a spell at you. The puff of flame hits you!
Ouch! That really hurt!
* * * LOW HITPOINT WARNING * * *
Casting: Corona
Confirm with . or Enter, or press ? or * to list all spells.
Aiming: Corona
Press: ? - help, Shift-Dir - straight line, f/p - Sigmund
Aim: Sigmund, wielding a scythe and wearing a robe (almost dead) Sigmund is outlined in light.
Sigmund hits you with a scythe.
You die...

#......###.#######
####..................
...................###
.....#.##..........#
.....#.##..........#
....#.##..........#
...#.##.....######
..........#
........@.#
........@.#
...........
..=......###
.........# ........#
.......# #######


You could see Sigmund.

Vanquished Creatures
  An adder (D:2)
  A giant gecko (D:1)
  An ooze (D:1)
  3 bats (D:1)
  A giant cockroach (D:1)
  5 goblins (D:1)
  2 hobgoblins (D:1)
  2 kobolds (D:1)
  2 giant newts
  3 rats (D:1)
21 creatures vanquished.

Notes
Turn   | Place    | Note
--------------------------------------------------------------
     0 | D:1      | Kae, the Spriggan Enchanter, began the quest for the Orb.
     0 | D:1      | Reached XP level 1. HP: 9/9 MP: 4/4
   395 | D:1      | Reached XP level 2. HP: 13/13 MP: 7/7
   399 | D:1      | Learned a level 2 spell: Ensorcelled Hibernation
   812 | D:1      | Reached skill level 4 in Hexes
  1070 | D:2      | Reached XP level 3. HP: 12/16 MP: 3/9
  1177 | D:2      | Noticed Sigmund
  1202 | D:2      | Slain by Sigmund

Action                   || total
-------------------------++-------
Melee: Dagger            ||    88
 Cast: Corona            ||     3
       Ensorcelled Hiber ||     9
  Use: Potion            ||     2
 Stab: Sleeping          ||     4
